 Dungeon Crawl Stone Soup version 0.26-a0-466-g989023bd0d (webtiles) character file.

Game seed: 17494179770824352925

3542 1player the Quickloader (level 10, 73/73 HPs)
             Began as a Gnoll Wanderer on Aug 10, 2020.
             Was an Initiate of Gozag.
             Quit the game on level 7 of the Dungeon.
             The game lasted 00:29:51 (11077 turns).

1player the Quickloader (Gnoll Wanderer)           Turns: 11077, Time: 00:29:52

Health: 73/73      AC: 15    Str: 14    XL:     10   Next: 9%
Magic:  18/18      EV: 12    Int: 24    God:    Gozag
Gold:   588        SH:  6    Dex: 17    Spells: 19/20 levels left

rFire    . . .     SeeInvis +   b - +0 short sword (drain)
rCold    . . .     Faith    .   C - +1 buckler
rNeg     . . .     Spirit   .   O - +3 scale mail "Goejuf" {rF- MR+ Int+2 SInv}
rPois    .         Reflect  .   (no helmet)
rElec    .         Harm     .   A - +1 cloak {rCorr}
rCorr    +                      R - +0 pair of gloves
MR       +....                  F - +0 pair of boots
Stlth    ++........             e - amulet of regeneration
HPRegen  0.62/turn              s - ring of protection from fire
MPRegen  0.16/turn              v - +6 ring of intelligence

@: no status effects
A: distributed training, fangs 1, strong nose
a: Potion Petition, Call Merchant, Bribe Branch, Renounce Religion


You were on level 7 of the Dungeon.
You worshipped Gozag.
Gozag was pleased with you.
You visited 2 branches of the dungeon, and saw 9 of its levels.
You also visited: Sewer.

You collected 782 gold pieces.
You spent 97 gold pieces at shops.
You paid 97 gold pieces to Gozag.

Inventory:

Hand Weapons
 a - a +0 hand crossbow
 b - a +0 short sword of draining (weapon)
Missiles
 c - 36 bolts
 y - 14 poisoned darts (quivered)
 z - 24 sling bullets
 H - 3 boomerangs
 I - 2 atropa-tipped darts
 Y - 4 curare-tipped darts
Armour
 A - a +1 cloak of preservation (worn)
 C - a +1 buckler (worn)
 F - a +0 pair of boots (worn)
 O - the +3 scale mail "Goejuf" (worn) {rF- MR+ Int+2 SInv}
   (You found it on level 5 of the Dungeon)

   It affects your intelligence (+2).
   It makes you vulnerable to fire.
   It affects your resistance to hostile enchantments.
   It lets you see invisible.
 R - a +0 pair of gloves (worn)
Jewellery
 e - an amulet of regeneration (around neck)
 s - a ring of protection from fire (left hand)
 v - a +6 ring of intelligence (right hand)
 S - an uncursed amulet of the acrobat
 V - an uncursed ring of resist corrosion
Wands
 U - a wand of flame (6)
Scrolls
 q - 3 scrolls of fear
 u - 2 scrolls of immolation {unknown}
 x - 3 scrolls of remove curse {@r2}
 E - 5 scrolls of teleportation
 K - a scroll of random uselessness {unknown}
 Q - 2 scrolls of blinking
 T - 2 scrolls of magic mapping
 W - a scroll of holy word {unknown}
 Z - a scroll of identify {@r1}
Potions
 B - 2 potions of mutation {!q}
 D - a potion of haste
 G - 2 potions of ambrosia {unknown}
 J - 4 potions of stabbing
 L - 4 potions of might {unknown}
 M - a potion of lignification
 P - 6 potions of flight
 X - 2 potions of heal wounds {@q2}


   Skills:
 + Level 4.9 Fighting
 + Level 4.9 Short Blades
 + Level 4.9 Long Blades
 + Level 4.9 Axes
 + Level 4.9 Maces & Flails
 + Level 4.9 Polearms
 + Level 4.9 Staves
 + Level 4.9 Slings
 + Level 4.9 Bows
 + Level 8.3 Crossbows
 + Level 6.8 Throwing
 + Level 6.8 Armour
 + Level 4.9 Dodging
 + Level 4.9 Stealth
 + Level 4.9 Shields
 + Level 4.9 Unarmed Combat
 + Level 5.7 Spellcasting
 + Level 4.6 Conjurations
 + Level 4.1 Hexes
 + Level 4.1 Summonings
 + Level 4.1 Necromancy
 + Level 4.1 Translocations
 + Level 4.6 Transmutations
 + Level 4.1 Fire Magic
 + Level 4.1 Ice Magic
 + Level 4.1 Air Magic
 + Level 4.1 Earth Magic
 + Level 4.1 Poison Magic
 + Level 5.4 Invocations
 + Level 4.9 Evocations


You had 19 spell levels left.
You knew the following spells:

 Your Spells              Type           Power        Failure   Level
a - Beastly Appendage     Tmut           ####..       4%          1

Your spell library contained the following spells:

 Spells                   Type           Power        Failure   Level
 Summon Small Mammal      Summ           ####         5%          1
 Wereblood                Tmut           ####....     6%          2
 Call Imp                 Summ           ####....     9%          2
 Spider Form              Tmut/Pois      ####......   14%         3
 Call Canine Familiar     Summ           ####....     16%         3
 Summon Guardian Golem    Hex/Summ       ####....     16%         3
 Ice Form                 Ice/Tmut       ####....     43%         4
 Summon Ice Beast         Ice/Summ       ####....     47%         4
 Summon Lightning Spire   Summ/Air       ####....     47%         4
 Blade Hands              Tmut           ####......   75%         5


Dungeon Overview and Level Annotations

Branches:
Dungeon (8/15)             Temple (1/1) D:6           Sewer (visited)
   Lair: D:8-11

Altars:
Ashenzari
Cheibriados
Elyvilon
Gozag
Hepliaklqana
Kikubaaqudgha
Makhleb
Nemelex Xobeh
Okawaru
Qazlal
Ru
Sif Muna
Trog
Uskayaw
Vehumet
Wu Jian
Xom
Yredelemnul
Zin
The Shining One

Shops:
D:5 *

Annotations:
D:5 3 runed translucent doors, degu's ghost, novice OgBe


Innate Abilities, Weirdness & Mutations

Your experience applies equally to all skills.
You have very sharp teeth.
Your uncanny sense of smell can sniff out nearby items.


Message History

The iguana is almost dead.
The iguana misses you.
You hit the iguana but do no damage. You drain the iguana.
You kill the iguana!
You now have 588 gold pieces (gained 4).
Things that are here:
a +0 robe; a cursed +0 dire flail
There is a stone staircase leading up here.
You climb upwards.
There is a stone staircase leading down, spattered with blood here.
You start resting.
HP restored.
Unknown command.
Welcome back, 1player the Gnoll Wanderer.
Gozag says: Greed is good.
Press ? for a list of commands and other information.
Welcome back, 1player the Gnoll Wanderer.
Gozag says: Greed is good.
Press ? for a list of commands and other information.
Are you sure you want to abandon this character and quit the game? (Confirm with "yes".)

........# #.# #..#
........# #.# #..#
######### #.# #..# ##
#.# #..# .### #.# #..#
...# #.# #..#
..############)# #..#
...............###..#
######[........[@...#
............######.###
######.####.#........#
.#.....# #.#...##.#.#
.#.##### #.....##.#.#
.#.########.#.#.##.#.#
.#...............#.#.#
.############......#.#
................####.#


There were no monsters in sight!

Vanquished Creatures
  Grinder (D:3)
  A hornet (D:4)
  Prince Ribbit (D:6)
  A wyvern (D:8)
  Grum (D:8)
  Purgy (Sewer)
  2 phantoms
  2 ogres
  A sky beast (D:8)
  A wolf (D:8)
  4 centaurs
  3 big kobolds
  2 bullfrogs
  4 wights
  An electric eel (D:7)
  A howler monkey (D:4)
  A lava snake (D:7)
  7 hounds
  A centaur skeleton (D:4)
  7 orc wizards
  2 orc priests
  4 iguanas
  5 worker ants
  A hound skeleton (D:4)
  2 howler monkey zombies
  15 adders
  A shadow imp (D:6)
  3 white imps
  3 oozes
  3 adder skeletons
  2 dart slugs
  6 leopard geckos
  20 orcs
  5 ball pythons
  12 bats
  12 giant cockroaches
  8 goblins
  8 hobgoblins
  14 jackals
  3 quokkas
  8 frilled lizards
  A giant cockroach zombie (D:5)
  19 kobolds
  A leopard gecko skeleton (D:4)
  A quokka zombie (D:7)
  6 rats
208 creatures vanquished.

Notes
Turn   | Place    | Note
-------+----------+-------------------------------------------
     0 | D:1      | 1player the Gnoll Wanderer began the quest for the Orb.
     0 | D:1      | 1player set off with the following items: a +0 hand
                  | crossbow, 25 bolts, a potion of lignification, a +0 robe;
                  | and the following spell memorised: Beastly Appendage; and
                  | the following spells available to memorise: Wereblood,
                  | Spider Form, Ice Form, Blade Hands
     0 | D:1      | Reached XP level 1. HP: 13/13 MP: 4/4
   287 | D:1      | Reached XP level 2. HP: 19/19 MP: 5/5
  1090 | D:1      | Reached XP level 3. HP: 24/25 MP: 7/7
  1271 | D:2      | Found a snail-covered altar of Cheibriados.
  1455 | D:2      | Reached skill level 1 in Invocations
  1585 | D:2      | Reached skill level 1 in Fighting
  1585 | D:2      | Reached skill level 1 in Short Blades
  1585 | D:2      | Reached skill level 1 in Long Blades
  1585 | D:2      | Reached skill level 1 in Axes
  1585 | D:2      | Reached skill level 1 in Maces & Flails
  1585 | D:2      | Reached skill level 1 in Polearms
  1585 | D:2      | Reached skill level 1 in Staves
  1585 | D:2      | Reached skill level 1 in Slings
  1585 | D:2      | Reached skill level 1 in Bows
  1585 | D:2      | Reached skill level 1 in Dodging
  1585 | D:2      | Reached skill level 1 in Stealth
  1585 | D:2      | Reached skill level 1 in Shields
  1585 | D:2      | Reached skill level 1 in Unarmed Combat
  1585 | D:2      | Reached skill level 1 in Evocations
  1585 | D:2      | Reached XP level 4. HP: 13/32 MP: 8/8
  2013 | D:2      | Reached skill level 1 in Hexes
  2013 | D:2      | Reached skill level 1 in Summonings
  2013 | D:2      | Reached skill level 1 in Necromancy
  2013 | D:2      | Reached skill level 1 in Translocations
  2013 | D:2      | Reached skill level 1 in Fire Magic
  2013 | D:2      | Reached skill level 1 in Ice Magic
  2013 | D:2      | Reached skill level 1 in Air Magic
  2013 | D:2      | Reached skill level 1 in Earth Magic
  2013 | D:2      | Reached skill level 1 in Poison Magic
  2993 | D:3      | Reached XP level 5. HP: 31/37 MP: 9/9
  3529 | D:3      | Noticed Grinder
  3537 | D:3      | Paralysed by Grinder for 6 turns
  3568 | D:3      | Killed Grinder
  3568 | D:3      | Reached skill level 5 in Throwing
  3568 | D:3      | Reached skill level 5 in Armour
  3568 | D:3      | Reached XP level 6. HP: 41/44 MP: 9/11
  4346 | D:3      | Reached XP level 7. HP: 50/50 MP: 12/12
  4952 | D:4      | Reached skill level 7 in Crossbows
  5221 | D:4      | Noticed a hornet
  5230 | D:4      | Killed a hornet
  5634 | D:4      | Reached XP level 8. HP: 57/57 MP: 14/14
  6468 | D:5      | Entered Level 5 of the Dungeon
  6526 | D:5      | Got a jewelled scale mail
  6529 | D:5      | Identified the +3 scale mail "Goejuf" {rF- MR+ Int+2 SInv}
                  | (You found it on level 5 of the Dungeon)
  6719 | D:5      | Found a glowing drain.
  6736 | Sewer    | Entered a sewer
  6755 | Sewer    | Noticed Purgy
  6764 | Sewer    | Killed Purgy
  7174 | D:5      | Found Odufrorph's General Store.
  7180 | D:5      | Bought a scroll of blinking for 97 gold pieces
  7384 | D:5      | Found a runed translucent gate.
  7384 | D:5      | Found a runed translucent gate.
  7384 | D:5      | Found a runed translucent gate.
  7384 | D:5      | Identified the +6 dagger "Vamocu" {chaos, rF++ Str-2 Dex+2
                  | Stlth+}
  7385 | D:5      | Noticed degu's ghost (novice OgBe)
  7662 | D:6      | Found a basalt altar of Yredelemnul.
  7696 | D:6      | Noticed Prince Ribbit
  7900 | D:6      | Reached XP level 9. HP: 64/65 MP: 16/16
  8052 | D:6      | Killed Prince Ribbit
  8086 | D:6      | Reached skill level 5 in Spellcasting
  8373 | D:6      | Found a hide-covered altar of Uskayaw.
  8628 | D:6      | Found a staircase to the Ecumenical Temple.
  8635 | Temple   | Entered the Ecumenical Temple
  8842 | Temple   | Became a worshipper of Gozag Ym Sagoz the Greedy
  9138 | D:7      | Found a stormy altar of Qazlal.
  9437 | D:7      | Found an ancient bone altar of Kikubaaqudgha.
  9437 | D:7      | Found an iron altar of Okawaru.
  9644 | D:7      | Found a shimmering altar of Xom.
  9920 | D:7      | Reached skill level 8 in Crossbows
 10417 | D:8      | Reached skill level 5 in Invocations
 10862 | D:7      | Reached XP level 10. HP: 53/73 MP: 18/18
 10979 | D:8      | Noticed Grum
 11003 | D:8      | Killed Grum
 11077 | D:7      | Quit the game

Illustrated notes

Levels and vault maps discovered:
D:1:      dpeg_arrival_stone_temple_mockup, layout_basic, minmay_misc_feat_x,
          grunt_decor_arrowhead, minmay_misc_feat_ornament,
          kennysheep_nondescript
D:2:      layout_basic, kennysheep_slug_shrine, grunt_ministairs_15,
          minmay_strange_pillars
D:3:      layout_basic, mrwooster_statue_mirror, uniq_grinder
D:4:      cheibrodos_barr_body, layout_loops_corners
D:5:      layout_loops_ring, serial_shops, shop_fountains, gup_sewer_entry_pipe,
          gammafunk_ghost_nasty_kobolds, corexii_hall_statues_x
D:6:      layout_rooms, eat_drink_and_be_merry_uskayaw,
          yredelemnul_altar_generic, minmay_temple_entry_overgrown,
          uniq_prince_ribbit1
D:7:      layout_basic, nicolae_overflow_quartered_altars,
          nicolae_lava_and_water
D:8:      layout_rooms, gammafunk_ghost_hydra_chop, uniq_grum
Temple:   nicolae_temple_figure_eight

Skill      XL: |  1  2  3  4  5  6  7  8  9 |
---------------+----------------------------+-----
Conjurations   | 2 3 4 |  4.6
Transmutations | 2 3 4 |  4.6
Invocations    | 1 2 3 4 5 |  5.4
Fighting       | 1 2 3 4 |  4.9
Short Blades   | 1 2 3 4 |  4.9
Long Blades    | 1 2 3 4 |  4.9
Axes           | 1 2 3 4 |  4.9
Maces & Flails | 1 2 3 4 |  4.9
Polearms       | 1 2 3 4 |  4.9
Staves         | 1 2 3 4 |  4.9
Slings         | 1 2 3 4 |  4.9
Bows           | 1 2 3 4 |  4.9
Dodging        | 1 2 3 4 |  4.9
Stealth        | 1 2 3 4 |  4.9
Shields        | 1 2 3 4 |  4.9
Unarmed Combat | 1 2 3 4 |  4.9
Evocations     | 1 2 3 4 |  4.9
Spellcasting   | 3 4 5 |  5.7
Hexes          | 1 2 3 4 |  4.1
Summonings     | 1 2 3 4 |  4.1
Necromancy     | 1 2 3 4 |  4.1
Translocations | 1 2 3 4 |  4.1
Fire Magic     | 1 2 3 4 |  4.1
Ice Magic      | 1 2 3 4 |  4.1
Air Magic      | 1 2 3 4 |  4.1
Earth Magic    | 1 2 3 4 |  4.1
Poison Magic   | 1 2 3 4 |  4.1
Throwing       | 5 6 |  6.8
Armour         | 5 6 |  6.8
Crossbows      | 7 8 |  8.3

Action                   |  1- 3 |  4- 6 |  7- 9 | 10-12 || total
-------------------------+-------+-------+-------+-------++-------
Melee: Club              |     3 |       |       |       ||     3
       Dagger            |    97 |   240 |     2 |       ||   339
       Bite              |     7 |    32 |    58 |     4 ||   101
       Punch             |       |     3 |       |       ||     3
       Whip              |       |    14 |   271 |       ||   285
       Short sword       |       |       |   254 |    30 ||   284
       Kick              |       |       |       |     9 ||     9
       Headbutt          |       |       |       |     4 ||     4
 Fire: Hand crossbow     |    30 |    41 |   188 |     6 ||   265
Throw: Dart              |       |    21 |    14 |       ||    35
       Stone             |       |    10 |       |       ||    10
 Cast: Beastly Appendage |       |       |       |     2 ||     2
Evoke: Wand              |       |     2 |    11 |       ||    13
  Use: Scroll            |     1 |     3 |    10 |     1 ||    15
       Potion            |       |     4 |     1 |     1 ||     6
 Stab: Sleeping          |     1 |       |       |       ||     1
Armor: Robe              |     1 |       |       |       ||     1
       Ring mail         |    59 |   118 |       |       ||   177
       Skin              |       |   150 |       |       ||   150
       Scale mail        |       |     6 |   197 |    11 ||   214
Dodge: Dodged            |    80 |   196 |   242 |     7 ||   525
Block: Buckler           |       |     4 |   151 |     9 ||   164

Table legend: (Time is in decaauts)
 A = Elapsed time spent in this place.
 B = Non-inter-level travel time spent in this place.
 C = Inter-level travel time spent in this place.
 D = Time resting spent in this place.
 E = Time spent auto-exploring this place.
 F = Levels seen in this place.
 G = Mean time per level.
                   A        B        C        D        E       F      G
               +--------+--------+--------+--------+--------+-----+--------+
         Total |  11053 |  10653 |    400 |   3067 |   4412 |  10 | 1105.3 |
       Dungeon |  10522 |  10155 |    367 |   3067 |   4082 |   8 | 1315.2 |
        Temple |    222 |    189 |     33 |      0 |    187 |   1 |  222.0 |
         Sewer |    307 |    307 |      0 |      0 |    142 |   1 |  307.0 |
               +--------+--------+--------+--------+--------+-----+--------+

Top non-repeatable levels by time:
     D:3: 1898 daAuts
     D:4: 1793 daAuts
     D:7: 1574 daAuts
     D:2: 1510 daAuts
     D:1: 1242 daAuts
     D:5: 1094 daAuts
     D:6: 872 daAuts
     D:8: 537 daAuts
   Sewer: 307 daAuts
  Temple: 222 daAuts
